AoeStats
← OuFo5 ツ

Oasis

509766761Analyzed
2v2 RM · 6d ago on Sep 27, 2026· 50m 45s· 4 players
Game mode
Random Map
Map size
Medium (4 player)
Population
200
Speed
Normal
Resources
Standard
Victory
Conquest
Starting age
Dark Age
Ending age
Imperial Age
RankedLock teamsTeams togetherTeam positionsShared explorationLock speedFull tech treeHidden civsTurbo modeCheats
Victory
Defeat
🇨🇦 Spanish · Canada
722
+19
🇨🇦 Khmer · Canada
722
+19
🇨🇴 Japanese · Colombia
783
-19
🇨🇴 Franks · Colombia
783
-19
TheMagicPigg
10:31 Feudal Age
12:18 Double-Bit Axe
12:19 Horse Collar
19:00 Castle Age
22:54 Scale Barding Armor
22:13 Light Cavalry
23:04 Bloodlines
22:55 Husbandry
24:16 Bow Saw
24:19 Heavy Plow
25:09 Gold Mining
27:08 Stone Mining
29:32 Fortified Wall
29:47 Fletching
30:50 Caravan
32:38 Wheelbarrow
31:51 Town Watch
31:55 Loom
33:03 Tusk Swords
34:36 Murder Holes
34:52 Masonry
35:03 Ballistics
37:28 Gold Shaft Mining
37:39 Town Patrol
37:57 Hand Cart
41:22 Imperial Age
42:10 Capped Ram
42:55 Double Crossbow
42:16 Elite Ballista Elephant
42:45 Heavy Scorpion
42:53 Elite Battle Elephant
43:59 Chain Barding Armor
44:55 Siege Engineers
44:38 Siege Ram
Sir Leodagan
11:23 Feudal Age
12:05 Horse Collar
12:19 Double-Bit Axe
12:44 Horse Collar
19:19 Castle Age
29:38 Wheelbarrow
38:44 Heavy Plow
42:17 Imperial Age
39:36 Light Cavalry
42:51 Bloodlines
42:41 Husbandry
45:44 Elite Conquistador
47:28 Hussar
48:40 Scale Barding Armor
48:46 Forging
Totopo0777
13:54 Feudal Age
21:39 Castle Age
23:01 Double-Bit Axe
23:09 Gold Mining
23:09 Stone Mining
24:45 Pikeman
25:26 Squires
27:40 Husbandry
31:52 Bow Saw
31:37 Elite Skirmisher
36:44 Scale Barding Armor
36:39 Scale Mail Armor
38:11 Ballistics
38:13 Chain Barding Armor
37:54 Padded Archer Armor
37:44 Fletching
38:05 Forging
39:09 Light Cavalry
42:58 Imperial Age
43:33 Chain Mail Armor
43:34 Leather Archer Armor
43:14 Bodkin Arrow
43:55 Iron Casting
44:15 Cavalier
45:16 Halberdier
OuFo5 ツ
8:47 Loom
12:14 Feudal Age
12:35 Man-at-Arms
13:01 Arson
14:44 Double-Bit Axe
16:06 Scale Mail Armor
18:08 Town Watch
21:21 Wheelbarrow
23:51 Castle Age
23:10 Fletching
23:20 Padded Archer Armor
24:55 Forging
27:27 Bow Saw
26:58 Horse Collar
27:25 Bodkin Arrow
27:45 Leather Archer Armor
29:11 Long Swordsman
29:36 Gambesons
29:55 Squires
30:36 Iron Casting
30:16 Chain Mail Armor
34:08 Elite Skirmisher
35:13 Heavy Plow
35:25 Elite Skirmisher
38:27 Stone Mining
38:27 Gold Mining
41:07 Thumb Ring
43:07 Chain Mail Armor
49:11 Imperial Age
51:13 Blast Furnace
50:43 Plate Mail Armor
Connection lost

Rejoining the realm…

Still unreachable

The connection could not be restored.

Session expired

The server has moved on; the page needs a fresh start.